cohdb
Replays
Latest Replays
All Replays
Popular Replays
Top Player Replays
Match Explorer
How It Works
Community
CoH3 Stats
Reddit
Sign in to upload your games and track your stats! →
Sign in with Steam
Match 42306402
Unlisted
Match 42306402
Overview
Messages
Build Orders
End
Selects Advanced Infantry Battlegroup
Scout Squad
Construct Barracks
Riflemen Squad
Riflemen Squad
Grenade Package
Riflemen Squad
Riflemen Squad
Infantry Support Center
Construct Medical Station
Construct Medical Station
Selects Convert to Ranger Squad
Convert to Ranger Squad
Selects Artillery Observers
Construct Motor Pool
M1 Anti-tank Gun Team
Convert to Ranger Squad
M8 Greyhound Armored Car
Selects M2A1 105mm Howitzer Emplacement
Engineer Squad
Advanced Logistics
mp5
Glisten ♪
Dawes
大清第一猞猁狲
Bugs
以帅服人
Futurn
jth12122002
0
0
Comments
sign in to comment!
No comments posted yet!